[Event "42nd Olympiad Baku 2016 Women"]
[Site "Baku"]
[Date "2016.09.04"]
[Round "3.5"]
[White "Geldiyeva, Mahri"]
[Black "shaikha Abdallah Aldhaheri"]
[Result "1-0"]
[ECO "A48"]
[WhiteElo "2285"]
[BlackElo "1495"]
[Annotator ""]
[PlyCount "63"]
[EventDate "2016.??.??"]
[EventCountry "AZE"]
[SourceTitle "playchess.com"]
[Source "ChessBase"]
[WhiteTeam "Turkmenistan"]
[BlackTeam "United Arab Emirates"]
[WhiteTeamCountry "TKM"]
[BlackTeamCountry "UAE"]
[TimeControl "40/5400+30:1800+30"]

1. d4 {(00:00)} Nf6 {(00:00)} 2. Nf3 {(00:00)} g6 {
(00:00)} 3. Bg5 {(00:11)} Bg7 {(01:07)} 4. Nbd2 {(
00:44)} d5 {(07:29)} 5. e3 {(01:52)} O-O {(03:27)} 6. Bd3
{(02:05)} Nbd7 {(01:29)} 7. O-O {(01:37)} Re8 {(04:
34)} 8. c4 {(05:44)} c6 {(05:41)} 9. cxd5 {(06:02)} Nxd5 {
(10:45)} 10. a3 {(06:12)} Qc7 {(06:40)} 11. Rc1 {(
09:05)} N5b6 {(08:48)} 12. b4 {(03:54)} e5 {(07:44)} 13.
b5 {(11:42)} exd4 {(16:42)} 14. exd4 {(09:15)} Qd6 {
(06:47)} 15. bxc6 {(06:47)} bxc6 {(00:05)} 16. a4 {
(00:25)} Bb7 {(01:15)} 17. a5 {(10:34)} Nd5 {(00:
05)} 18. Ne4 {(02:13)} Qa3 {(04:04)} 19. Ra1 {(04:44)} Qf8
{(01:14)} 20. a6 {(05:14)} Bc8 {(00:09)} 21. Bh4 {(
00:36)} f5 {(02:50)} 22. Ned2 {(01:04)} N7b6 {(00:30)} 23.
Nc4 {(01:15)} Nc3 {(01:45)} 24. Qb3 {(01:33)} Nbd5 {
(01:03)} 25. Rfc1 {(02:40)} Nb5 {(03:54)} 26. Nce5 {
(02:39)} Nxd4 {(03:10)} 27. Nxd4 {(00:02)} Bxe5 {(
00:05)} 28. Rxc6 {(00:30)} Qf7 {(01:31)} 29. Bc4 {(01:29)}
Be6 {(00:27)} 30. Rxe6 {(00:12)} Reb8 {(01:06)} 31. Qd3 {
(01:59)} Qd7 {(00:29)} 32. Rxe5 {(00:08)} 1-0

[Event "42nd Olympiad Baku 2016 Women"]
[Site "Baku"]
[Date "2016.09.04"]
[Round "3.2"]
[White "Gjergji, Rozana"]
[Black "Tharushi, T H D Niklesha"]
[Result "0-1"]
[ECO "B21"]
[WhiteElo "1947"]
[BlackElo "1584"]
[Annotator ""]
[PlyCount "74"]
[EventDate "2016.??.??"]
[EventCountry "AZE"]
[SourceTitle "playchess.com"]
[Source "ChessBase"]
[WhiteTeam "Albania"]
[BlackTeam "Sri Lanka"]
[WhiteTeamCountry "ALB"]
[BlackTeamCountry "SRI"]
[TimeControl "40/5400+30:1800+30"]

1. e4 {(00:00)} c5 {(00:00)} 2. f4 {(00:04)} a6 {(
00:01)} 3. Nf3 {(00:30)} b5 {(00:12)} 4. d3 {(01:14)} Bb7
{(00:21)} 5. Be3 {(01:16)} e6 {(00:34)} 6. Nbd2 {(
01:06)} d5 {(00:42)} 7. Be2 {(01:46)} d4 {(01:18)} 8. Bf2
{(00:24)} Bd6 {(00:33)} 9. c3 {(14:21)} dxc3 {(06:
15)} 10. bxc3 {(00:06)} Nd7 {(02:32)} 11. e5 {(07:30)} Bc7
{(00:33)} 12. O-O {(02:01)} Qb8 {(12:28)} 13. a4 {(
06:49)} Ne7 {(02:12)} 14. axb5 {(01:36)} axb5 {(00:17)}
15. Qb3 {(02:35)} Nd5 {(10:41)} 16. g3 {(01:29)} Ba5 {
(00:43)} 17. Ne4 {(01:05)} O-O {(05:10)} 18. Qxb5 {
(03:34)} Qc7 {(03:34)} 19. Qb3 {(06:38)} Rfb8 {(13:
48)} 20. Qc2 {(03:52)} Qc6 {(08:42)} 21. Rfc1 {(07:37)}
Rd8 {(02:20)} 22. Qd1 {(04:37)} c4 {(05:35)} 23. Nd4 {
(04:56)} Qc7 {(02:43)} 24. Qf1 {(06:53)} Bb6 {(06:
47)} 25. Qh3 {(02:55)} h6 {(01:35)} 26. Qg4 {(03:09)} Rxa1
{(01:10)} 27. Rxa1 {(00:03)} cxd3 {(00:27)} 28. Bxd3 {
(00:21)} Nxc3 {(02:33)} 29. Nf6+ {(07:37)} Kh8 {(
04:31)} 30. Nh5 {(01:33)} Rg8 {(00:09)} 31. Nf3 {(03:42)}
Bxf2+ {(01:10)} 32. Kxf2 {(00:03)} Qb6+ {(01:50)} 33. Kf1
{(00:20)} Qe3 {(00:43)} 34. Ne1 {(00:11)} Nc5 {(00:
47)} 35. Be2 {(00:21)} N5e4 {(00:55)} 36. Nd3 {(00:15)}
Nd2+ {(00:29)} 37. Ke1 {(00:03)} Bf3 0-1

[Event "42nd Olympiad Baku 2016 Women"]
[Site "Baku"]
[Date "2016.09.04"]
[Round "3.25"]
[White "Golubenko, Valentina"]
[Black "Abarca Gonzalez, Damaris"]
[Result "1-0"]
[ECO "E10"]
[WhiteElo "2245"]
[BlackElo "2092"]
[Annotator ""]
[PlyCount "63"]
[EventDate "2016.??.??"]
[EventCountry "AZE"]
[SourceTitle "playchess.com"]
[Source "ChessBase"]
[WhiteTeam "Croatia"]
[BlackTeam "Chile"]
[WhiteTeamCountry "CRO"]
[BlackTeamCountry "CHI"]
[TimeControl "40/5400+30:1800+30"]

1. d4 {(00:00)} Nf6 {(00:00)} 2. c4 {(00:09)} e6 {(
00:00)} 3. Nf3 {(00:15)} d5 {(00:01)} 4. g3 {(00:17)} Bb4+
{(00:35)} 5. Bd2 {(00:15)} Be7 {(00:09)} 6. Bg2 {(
02:00)} c6 {(00:21)} 7. Qc2 {(02:47)} Ne4 {(05:03)} 8. O-O
{(02:31)} Nd7 {(05:36)} 9. Bf4 {(02:32)} g5 {(00:
22)} 10. Bc1 {(01:40)} f5 {(00:37)} 11. Nc3 {(10:08)} h5 {
(00:33)} 12. Nxe4 {(11:04)} fxe4 {(13:48)} 13. Nd2 {
(09:24)} h4 {(10:29)} 14. Nb3 {(08:14)} Qc7 {(08:
30)} 15. Bd2 {(03:13)} Nf8 {(12:35)} 16. Qc1 {(01:46)} Rg8
{(07:22)} 17. Be1 {(00:55)} b6 {(07:18)} 18. f3 {(
08:37)} Ba6 {(06:59)} 19. fxe4 {(05:12)} Bxc4 {(00:45)}
20. exd5 {(00:16)} cxd5 {(00:44)} 21. Qe3 {(02:46)} Qd7 {
(04:26)} 22. Rc1 {(03:05)} Rc8 {(00:46)} 23. Qf3 {(
02:14)} Kd8 {(05:36)} 24. Nd2 {(05:11)} Ba6 {(03:33)} 25.
Bf2 {(02:32)} Bb4 {(04:03)} 26. Be3 {(00:52)} hxg3 {
(00:39)} 27. hxg3 {(01:35)} g4 {(00:26)} 28. Qf2 {(
03:45)} Qe7 {(00:43)} 29. Rxc8+ {(01:27)} Bxc8 {(00:30)}
30. a3 {(01:16)} Bd6 {(00:20)} 31. Bf4 {(00:33)} Nd7 {
(02:03)} 32. e4 {(01:43)} 1-0

[Event "42nd Olympiad Baku 2016 Women"]
[Site "Baku"]
[Date "2016.09.04"]
[Round "3.26"]
[White "Gomez Barrera, Javiera Belen"]
[Black "Franciskovic, Borka"]
[Result "1/2-1/2"]
[ECO "B12"]
[WhiteElo "2027"]
[BlackElo "2267"]
[Annotator ""]
[PlyCount "62"]
[EventDate "2016.??.??"]
[EventCountry "AZE"]
[SourceTitle "playchess.com"]
[Source "ChessBase"]
[WhiteTeam "Chile"]
[BlackTeam "Croatia"]
[WhiteTeamCountry "CHI"]
[BlackTeamCountry "CRO"]
[TimeControl "40/5400+30:1800+30"]

1. e4 {(00:00)} c6 {(00:00)} 2. d4 {(00:00)} d5 {(
00:00)} 3. e5 {(00:00)} Bf5 {(00:00)} 4. h4 {(00:19)} Qb6
{(01:35)} 5. Nc3 {(20:54)} h5 {(07:21)} 6. Nf3 {(
04:40)} e6 {(03:16)} 7. Bd3 {(05:09)} Bg4 {(11:12)} 8. Be2
{(03:36)} Nh6 {(07:36)} 9. Ng5 {(04:54)} Bxe2 {(06:
25)} 10. Nxe2 {(00:11)} Nf5 {(06:38)} 11. Qd3 {(08:52)} c5
{(04:51)} 12. c3 {(07:35)} Nc6 {(05:36)} 13. Nf3 {(
00:38)} cxd4 {(02:30)} 14. cxd4 {(02:32)} Bb4+ {(02:52)}
15. Bd2 {(00:36)} Be7 {(09:17)} 16. g3 {(13:48)} Nb4 {
(04:56)} 17. Qb3 {(02:04)} O-O {(04:17)} 18. O-O {(
06:11)} Rfc8 {(02:52)} 19. Rac1 {(01:10)} Nc6 {(01:16)}
20. Qxb6 {(01:06)} axb6 {(00:04)} 21. a3 {(00:27)} b5 {
(01:38)} 22. Rfd1 {(00:31)} b4 {(01:49)} 23. axb4 {
(00:09)} Nxb4 {(00:32)} 24. Nf4 {(03:22)} g6 25. Bxb4 {
(03:09)} Bxb4 {(01:15)} 26. Nd3 {(00:23)} Be7 {(00:
38)} 27. Rxc8+ {(01:53)} Rxc8 {(00:04)} 28. Rc1 {(00:16)}
Rxc1+ {(04:03)} 29. Nxc1 {(00:02)} Kf8 {(00:56)} 30. Nb3 {
(02:48)} b6 {(01:00)} 31. Kf1 {(00:47)} Ke8 {(01:
35)} 1/2-1/2

[Event "42nd Olympiad Baku 2016 Women"]
[Site "Baku"]
[Date "2016.09.04"]
[Round "3.12"]
[White "Gonchar, Svitlana"]
[Black "Schnegg, Anna-Lena"]
[Result "1/2-1/2"]
[ECO "D31"]
[WhiteElo "1807"]
[BlackElo "2133"]
[Annotator ""]
[PlyCount "109"]
[EventDate "2016.??.??"]
[EventCountry "AZE"]
[SourceTitle "playchess.com"]
[Source "ChessBase"]
[WhiteTeam "ICCD"]
[BlackTeam "AUT"]
[WhiteTeamCountry "UKR"]
[BlackTeamCountry "AUT"]
[TimeControl "40/5400+30:1800+30"]

1. d4 {(00:00)} d5 {(00:00)} 2. c4 {(00:00)} e6 {(
00:00)} 3. Nc3 {(00:06)} Be7 {(00:00)} 4. Nf3 {(00:10)}
Nf6 {(00:05)} 5. Bg5 {(00:05)} h6 {(00:09)} 6. Bh4 {
(00:06)} O-O {(00:41)} 7. e3 {(00:03)} b6 {(00:32)}
8. cxd5 {(00:32)} Nxd5 {(00:13)} 9. Nxd5 {(00:22)} exd5 {
(01:02)} 10. Bxe7 {(00:47)} Qxe7 {(00:11)} 11. Be2 {
(01:30)} Be6 {(01:17)} 12. O-O {(06:27)} c5 {(00:
50)} 13. b3 {(06:25)} Nd7 {(02:00)} 14. Rc1 {(02:43)} Rfd8
{(06:33)} 15. Qd2 {(07:01)} Nf6 {(04:15)} 16. Bd3 {
(04:08)} Rac8 {(08:04)} 17. Rfd1 {(10:06)} c4 {(20:
13)} 18. Bb1 {(10:05)} Bg4 {(04:48)} 19. bxc4 {(09:20)}
dxc4 {(00:33)} 20. Qb2 {(14:36)} Qb7 {(03:23)} 21. Qe2 {
(01:31)} Bxf3 {(18:26)} 22. gxf3 {(01:52)} Qd5 {(
06:03)} 23. e4 {(02:35)} Qg5+ {(00:45)} 24. Kh1 {(01:09)}
Qf4 {(06:14)} 25. Qe3 {(10:11)} Qxe3 {(03:15)} 26. fxe3 {
(00:08)} b5 {(00:34)} 27. Kg2 {(01:36)} b4 {(01:31]
} 28. d5 {(00:20)} a5 {(02:41)} 29. d6 {(05:02)} b3 {
(06:21)} 30. e5 {(04:22)} Nd7 {(01:18)} 31. f4 {(
00:13)} a4 {(00:39)} 32. Rc3 {(01:43)} Nb6 {(00:55)} 33.
Rd4 {(00:12)} Rc5 {(01:19)} 34. e4 {(00:16)} g5 {(
01:09)} 35. Kf3 {(00:12)} gxf4 {(00:40)} 36. Kxf4 {(00:07]
} Re8 {(00:12)} 37. d7 {(00:53)} Rd8 {(00:12)} 38. Rd6 {
(00:58)} Rxd7 {(01:12)} 39. Rxb6 {(00:24)} Rd1 {(
00:12)} 40. axb3 {(00:00)} Rxb1 {(00:00)} 41. b4 {(02:59)}
Rc8 {(04:31)} 42. Rg3+ {(04:16)} Kf8 {(09:30)} 43. Rxh6 {
(05:15)} Rc7 {(01:17)} 44. e6 {(04:41)} Ke7 {(09:
15)} 45. exf7 {(08:05)} Rf1+ {(01:13)} 46. Ke5 {(05:05)}
c3 {(05:39)} 47. Re6+ {(03:47)} Kxf7 {(01:55)} 48. Rh3 {
(00:20)} Kg8 {(01:15)} 49. Rg3+ {(01:04)} Kf7 {(00:
02)} 50. Rh3 {(00:16)} Kg8 {(01:10)} 51. Re8+ {(00:49)}
Kg7 {(00:41)} 52. Rg3+ {(00:30)} Kh7 {(00:27)} 53. Rh3+ {
(00:15)} Kg7 {(00:04)} 54. Rg3+ {(00:31)} Kh7 {(00:
43)} 55. Rf3 1/2-1/2

[Event "42nd Olympiad Baku 2016 Women"]
[Site "Baku"]
[Date "2016.09.04"]
[Round "3.14"]
[White "Gong, Qianyun"]
[Black "Perez, Dalila"]
[Result "1-0"]
[ECO "D00"]
[WhiteElo "2262"]
[BlackElo "1860"]
[Annotator ""]
[PlyCount "55"]
[EventDate "2016.??.??"]
[EventCountry "AZE"]
[SourceTitle "playchess.com"]
[Source "ChessBase"]
[WhiteTeam "Singapore"]
[BlackTeam "Paraguay"]
[WhiteTeamCountry "SIN"]
[BlackTeamCountry "PAR"]
[TimeControl "40/5400+30:1800+30"]

1. d4 {(00:00)} d5 {(00:00)} 2. Bf4 {(00:00)} Nf6 {
(00:25)} 3. e3 {(00:00)} e6 {(00:15)} 4. Nd2 {(01:
02)} c5 {(02:13)} 5. c3 {(00:22)} Nc6 {(00:06)} 6. Ngf3 {
(00:04)} g6 {(05:41)} 7. Be2 {(09:42)} Bg7 {(00:41]
} 8. dxc5 {(09:06)} O-O {(05:44)} 9. O-O {(00:33)} a5 {
(09:36)} 10. Bd6 {(09:08)} Re8 {(00:06)} 11. Bb5 {(
00:07)} Bd7 {(11:02)} 12. a4 {(00:25)} Na7 {(14:21)} 13.
Bd3 {(04:09)} b5 {(16:08)} 14. axb5 {(04:24)} Bxb5 {
(02:04)} 15. Qe2 {(01:34)} Bxd3 {(02:28)} 16. Qxd3 {
(00:06)} Nd7 {(00:15)} 17. Qa6 {(05:32)} Nb8 {(12:
46)} 18. Qxa5 {(02:08)} Nbc6 {(00:43)} 19. Qxd8 {(00:15)}
Rexd8 {(01:24)} 20. Ra6 {(00:13)} Rac8 {(01:40)} 21. Nd4 {
(06:00)} Rd7 {(05:44)} 22. Rfa1 {(01:07)} Rb7 {(01:
31)} 23. Nxc6 {(00:37)} Nxc6 {(00:57)} 24. Rxc6 {(00:05)}
Rxc6 {(01:39)} 25. Ra8+ {(00:05)} Bf8 {(00:14)} 26. Bxf8 {
(00:05)} h5 {(00:49)} 27. Bd6+ {(00:16)} Kh7 {(00:
08)} 28. b4 1-0

[Event "42nd Olympiad Baku 2016 Women"]
[Site "Baku"]
[Date "2016.09.04"]
[Round "3.15"]
[White "Gonzalez, Yaribeth"]
[Black "Wafa, Shahenda"]
[Result "1/2-1/2"]
[ECO "B30"]
[WhiteElo "1826"]
[BlackElo "2113"]
[Annotator ""]
[PlyCount "128"]
[EventDate "2016.??.??"]
[EventCountry "AZE"]
[SourceTitle "playchess.com"]
[Source "ChessBase"]
[WhiteTeam "Panama"]
[BlackTeam "Egypt"]
[WhiteTeamCountry "PAN"]
[BlackTeamCountry "EGY"]
[TimeControl "40/5400+30:1800+30"]

1. e4 {(00:00)} c5 {(00:00)} 2. Nf3 {(00:00)} Nc6 {
(00:00)} 3. Nc3 {(00:00)} g6 {(00:00)} 4. Bc4 {(00:
40)} Bg7 {(00:00)} 5. a3 {(00:38)} e6 {(00:31)} 6. O-O {
(01:48)} Nge7 {(00:11)} 7. Re1 {(00:33)} d6 {(01:
33)} 8. d3 {(04:06)} O-O {(00:08)} 9. Bg5 {(00:33)} h6 {
(02:54)} 10. Bh4 {(00:45)} a6 {(02:12)} 11. Ba2 {(
01:07)} b5 {(00:51)} 12. Qd2 {(05:49)} g5 {(12:41)} 13.
Bg3 {(07:13)} Ng6 {(02:44)} 14. h3 {(04:09)} b4 {(
14:16)} 15. axb4 {(04:10)} cxb4 {(03:08)} 16. Nd1 {(01:44]
} a5 {(11:14)} 17. Bb3 {(03:22)} Kh8 {(03:35)} 18. d4 {
(25:57)} Nce7 {(12:57)} 19. h4 {(20:06)} g4 {(05:
02)} 20. Nh2 {(04:27)} f5 {(06:03)} 21. h5 {(12:26)} f4 {
(00:13)} 22. hxg6 {(00:02)} fxg3 {(00:16)} 23. fxg3 {
(00:01)} Nxg6 {(04:50)} 24. Nxg4 {(00:31)} Qg5 {(
00:53)} 25. Qxg5 {(00:30)} hxg5 {(00:04)} 26. e5 {(00:38)}
dxe5 {(05:14)} 27. dxe5 {(00:09)} Bd7 {(01:14)} 28. Ba4 {
(00:02)} Bxa4 {(00:23)} 29. Rxa4 {(00:08)} Rfc8 {(
00:14)} 30. c3 {(00:27)} bxc3 {(02:07)} 31. Nxc3 {(00:44)}
Rc5 {(00:26)} 32. Rae4 {(00:01)} Rb8 {(00:28)} 33. R1e2 {
(02:24)} Rb4 {(00:57)} 34. Kf2 {(00:48)} Rxe4 {(00:
58)} 35. Rxe4 {(00:04)} Nxe5 {(00:51)} 36. Nxe5 {(01:05)}
Rxe5 {(00:34)} 37. Rxe5 {(00:10)} Bxe5 {(00:05)} 38. Na4 {
(00:18)} Bd4+ {(01:03)} 39. Kf3 {(00:02)} Kg7 {(00:
50)} 40. Ke4 {(00:00)} e5 {(00:00)} 41. g4 {(01:34)} Kf6 {
(01:35)} 42. Kd5 {(00:30)} Ke7 {(00:34)} 43. b3 {(
04:40)} Kd7 {(05:15)} 44. Nc5+ {(16:21)} Bxc5 {(00:23)}
45. Kxc5 {(00:02)} Ke6 {(00:37)} 46. g3 {(00:45)} Ke7 {
(01:10)} 47. Kd5 {(07:13)} Kf6 {(00:15)} 48. Kc4 {(
02:01)} Ke6 {(06:50)} 49. Kc5 {(00:52)} e4 {(09:59)} 50.
Kd4 {(00:05)} e3 {(00:40)} 51. Kxe3 {(00:02)} Ke5 {
(00:10)} 52. Kd3 {(00:11)} Kd5 {(00:07)} 53. Kc3 {(
02:32)} Kc5 {(01:19)} 54. Kd3 {(01:18)} Kb4 {(05:10)} 55.
Kc2 {(00:02)} Kb5 {(00:55)} 56. Kc3 {(00:42)} Kc5 {
(00:09)} 57. Kd3 {(00:07)} Kd5 {(00:08)} 58. Kc3 {(
00:57)} Ke4 {(01:42)} 59. Kc4 {(00:02)} Kf3 {(00:13)} 60.
Kb5 {(00:01)} Kxg4 {(00:44)} 61. Kxa5 {(00:02)} Kxg3 {
(00:09)} 62. b4 {(00:01)} Kf3 {(01:47)} 63. b5 {(
00:02)} g4 {(00:39)} 64. b6 g3 1/2-1/2

[Event "42nd Olympiad Baku 2016 Women"]
[Site "Baku"]
[Date "2016.09.04"]
[Round "3.21"]
[White "Goossens, Hanne"]
[Black "Wang, Chengjia"]
[Result "1/2-1/2"]
[ECO "B01"]
[WhiteElo "2149"]
[BlackElo "2017"]
[Annotator ""]
[PlyCount "226"]
[EventDate "2016.??.??"]
[EventCountry "AZE"]
[SourceTitle "playchess.com"]
[Source "ChessBase"]
[WhiteTeam "Belgium"]
[BlackTeam "Korea"]
[WhiteTeamCountry "BEL"]
[BlackTeamCountry "KOR"]
[TimeControl "40/5400+30:1800+30"]

1. e4 {(00:00)} d5 {(00:00)} 2. exd5 {(00:00)} Qxd5 {
(00:00)} 3. Nc3 {(00:20)} Qa5 {(00:00)} 4. d4 {(00:
14)} Nf6 {(00:03)} 5. Nf3 {(00:22)} Bf5 {(01:27)} 6. Bc4 {
(01:36)} c6 {(02:57)} 7. Bd2 {(01:16)} Qc7 {(03:30]
} 8. Ne5 {(02:01)} e6 {(00:15)} 9. g4 {(01:49)} Bg6 {
(02:32)} 10. Qe2 {(04:00)} Nbd7 {(11:45)} 11. Nxd7 {
(08:57)} Kxd7 {(09:20)} 12. O-O-O {(13:08)} Re8 {(
02:16)} 13. f4 {(05:05)} Bd6 {(03:38)} 14. Qf3 {(04:59)}
Kc8 {(05:08)} 15. Rhe1 {(07:47)} h5 {(08:38)} 16. h3 {
(04:28)} hxg4 {(01:34)} 17. hxg4 {(00:15)} Rh4 {(
04:33)} 18. f5 {(06:05)} exf5 {(02:55)} 19. Rxe8+ {(03:14]
} Nxe8 {(00:05)} 20. gxf5 {(04:32)} Bh5 {(01:31)} 21. Qe3
{(01:28)} Nf6 {(04:16)} 22. Rf1 {(01:13)} Qb6 {(04:
06)} 23. Bb3 {(03:58)} Rxd4 {(06:13)} 24. Qf2 {(12:15)}
Rg4 {(02:37)} 25. Be3 {(01:29)} Qa5 {(00:53)} 26. Rd1 {
(01:54)} Bg3 {(03:58)} 27. Qd2 {(01:10)} Bc7 {(01:
42)} 28. Rf1 {(02:07)} Qe5 {(04:57)} 29. a3 {(05:46)} Ne4
{(07:13)} 30. Qd3 {(01:21)} Ng3 {(02:53)} 31. Re1 {
(01:55)} Qxf5 {(01:25)} 32. Qxf5+ {(00:31)} Nxf5 {(
00:03)} 33. Bc5 {(00:31)} b6 {(00:43)} 34. Bf8 {(00:16)}
g5 {(02:49)} 35. Ne4 {(00:19)} Bg6 {(00:36)} 36. Nf6 {
(00:50)} Rd4 {(00:06)} 37. Bb4 {(00:25)} Bg3 {(00:
40)} 38. Rh1 {(00:32)} Ne3 {(00:26)} 39. Bc3 {(00:29)} Rd8
{(00:35)} 40. Kb1 {(00:00)} Rd1+ {(00:00)} 41. Rxd1 {
(01:11)} Nxd1 {(00:42)} 42. Bd2 {(03:05)} Bh4 {(04:
19)} 43. Ng4 {(04:28)} Bf5 {(08:18)} 44. Nh6 {(08:10)} Bd7
{(11:05)} 45. Bxf7 {(07:22)} Nf2 {(01:36)} 46. Bg6 {
(02:51)} g4 {(01:28)} 47. Nf5 {(00:58)} Bf6 {(01:
13)} 48. Bf4 {(00:26)} Kd8 {(02:15)} 49. Kc1 {(04:00)} Nh3
{(02:09)} 50. Bg3 {(00:40)} Be6 {(01:21)} 51. Ne3 {
(00:57)} Bg5 {(00:31)} 52. Kd2 {(00:05)} Nf4 {(00:
18)} 53. Be4 {(01:33)} Nd5 {(01:21)} 54. Bxd5 {(00:29)}
Bxd5 {(00:09)} 55. Kd3 {(00:11)} Be6 {(00:56)} 56. Ke4 {
(00:22)} Ke7 {(00:22)} 57. b3 {(01:14)} Kd7 {(01:
05)} 58. Nf5 {(01:01)} Bd5+ {(00:37)} 59. Ke5 {(00:36)}
Bd8 {(00:39)} 60. Kf4 {(00:53)} Bf3 {(00:14)} 61. Ke3 {
(00:15)} Bg5+ {(00:11)} 62. Kd3 {(00:27)} Ke6 {(00:
50)} 63. Nd4+ {(00:13)} Kd7 {(00:43)} 64. Nxf3 {(00:21)}
gxf3 {(00:03)} 65. Ke4 {(00:06)} Ke6 {(00:18)} 66. Kxf3 {
(00:09)} Kd5 {(00:06)} 67. Bb8 {(01:07)} a6 {(00:
09)} 68. Bc7 {(01:20)} b5 {(00:13)} 69. Ke2 {(00:27)} Be7
{(00:34)} 70. a4 {(00:29)} bxa4 {(00:17)} 71. bxa4 {
(00:04)} Kc4 {(00:02)} 72. Ba5 {(00:38)} Bb4 {(00:
37)} 73. Bd8 {(00:21)} Kc3 {(00:32)} 74. Kd1 {(00:18)} Kb2
{(00:05)} 75. a5 {(00:54)} Ka3 {(00:12)} 76. Kc1 {(
00:17)} Ka4 {(00:04)} 77. Kb2 {(00:14)} Bxa5 {(00:07)} 78.
Be7 {(00:24)} Bb4 {(00:30)} 79. Bd8 {(00:35)} c5 {(
01:56)} 80. Bg5 {(01:05)} Be1 {(02:07)} 81. Bf6 {(00:48)}
Kb4 {(00:50)} 82. Be5 {(00:27)} Kc4 {(00:31)} 83. Bf6 {
(00:27)} Bf2 {(00:17)} 84. c3 {(00:29)} Be1 {(00:
54)} 85. Bg7 {(00:18)} Kd3 {(00:29)} 86. Bf6 {(00:43)} c4
{(00:30)} 87. Bg7 {(00:35)} Bg3 {(00:03)} 88. Bf6 {
(00:34)} Ke4 {(00:16)} 89. Bd8 {(00:21)} Be5 {(00:
13)} 90. Kc2 {(00:28)} Kd5 {(00:26)} 91. Bb6 {(00:41)} Kc6
{(00:07)} 92. Ba5 {(00:24)} Bc7 {(00:38)} 93. Bb4 {
(00:05)} Bd6 {(00:05)} 94. Ba5 {(00:05)} Kb5 {(00:
03)} 95. Bd8 {(00:18)} a5 {(00:46)} 96. Bf6 {(00:24)} a4 {
(00:04)} 97. Kb2 {(00:36)} Kc6 {(00:33)} 98. Bg7 {(
01:15)} Kd5 {(00:05)} 99. Bf6 {(00:26)} Ke4 {(00:04)} 100.
Bg7 {(00:50)} a3+ {(01:41)} 101. Ka2 {(00:27)} Kd3 {
(00:47)} 102. Bf6 {(00:08)} Kc2 {(01:30)} 103. Bg7 {
(00:30)} Bc7 {(00:20)} 104. Kxa3 {(00:56)} Ba5 {(
00:02)} 105. Ka2 {(00:28)} Bxc3 {(00:03)} 106. Bf8 {(00:
16)} Bd2 {(01:20)} 107. Bg7 {(00:11)} Kd3 {(01:10)} 108.
Kb1 {(00:29)} Be3 {(00:27)} 109. Bf6 {(00:15)} Bd2 {
(00:49)} 110. Bg7 {(00:25)} Bc3 {(00:06)} 111. Bf8 {
(00:12)} Kd2 {(00:50)} 112. Bh6+ {(00:24)} Kd1 {(
00:10)} 113. Bf8 {(00:13)} Be5 {(00:54)} 1/2-1/2

[Event "42nd Olympiad Baku 2016 Women"]
[Site "Baku"]
[Date "2016.09.04"]
[Round "3.7"]
[White "Goryachkina, Aleksandra"]
[Black "Gevorgyan, Irina"]
[Result "1/2-1/2"]
[ECO "D10"]
[WhiteElo "2475"]
[BlackElo "2324"]
[Annotator ""]
[PlyCount "117"]
[EventDate "2016.??.??"]
[EventCountry "AZE"]
[SourceTitle "playchess.com"]
[Source "ChessBase"]
[WhiteTeam "Russia"]
[BlackTeam "Uzbekistan"]
[WhiteTeamCountry "RUS"]
[BlackTeamCountry "UZB"]
[TimeControl "40/5400+30:1800+30"]

1. d4 {(00:00)} d5 {(00:00)} 2. c4 {(00:00)} c6 {(
00:00)} 3. cxd5 {(00:33)} cxd5 {(00:00)} 4. Bf4 {(00:36)}
Nf6 {(00:32)} 5. Nc3 {(01:04)} Nc6 {(00:35)} 6. e3 {
(00:57)} Bg4 {(00:21)} 7. f3 {(09:11)} Bd7 {(00:55]
} 8. Bd3 {(01:44)} e6 {(00:10)} 9. Bg5 {(02:49)} Be7 {
(06:33)} 10. Nge2 {(01:13)} a6 {(15:03)} 11. O-O {(
02:17)} O-O {(00:22)} 12. Rc1 {(06:29)} h6 {(30:52)} 13.
Bh4 {(02:04)} e5 {(03:28)} 14. Bb1 {(07:21)} exd4 {
(00:43)} 15. Nxd4 {(03:24)} Nxd4 {(03:25)} 16. Qxd4 {
(02:18)} Be6 {(00:23)} 17. Ne2 {(05:45)} Qd7 {(06:
26)} 18. Qd3 {(05:06)} g6 {(07:17)} 19. Nd4 {(03:28)} Rac8
{(01:10)} 20. Rcd1 {(01:20)} Rfd8 {(00:51)} 21. a3 {
(01:57)} Ne8 {(00:28)} 22. Be1 {(05:36)} Nd6 {(04:
10)} 23. Bc3 {(02:56)} Nc4 {(03:45)} 24. Kh1 {(02:15)} Ne5
{(02:52)} 25. Qe2 {(03:14)} Nc6 {(01:12)} 26. Nxe6 {
(03:37)} Qxe6 {(00:09)} 27. Ba2 {(00:35)} Ne5 {(02:
23)} 28. Qd2 {(03:24)} Nc4 {(01:46)} 29. Qd4 {(01:01)} f6
{(00:05)} 30. Rfe1 {(01:53)} b5 {(02:06)} 31. Bb1 {
(05:55)} Kg7 {(03:35)} 32. Re2 {(03:03)} Bc5 {(02:
58)} 33. Qd3 {(00:23)} Ne5 {(00:08)} 34. Qd2 {(06:46)} Nc4
{(00:33)} 35. Qc2 {(00:09)} Qf7 {(00:08)} 36. Qd3 {
(02:12)} Bb6 {(01:21)} 37. Bd4 {(01:52)} Ba5 {(00:
58)} 38. Rf1 {(02:10)} Bb6 {(00:19)} 39. Bxb6 {(01:12)}
Nxb6 {(00:04)} 40. Rd1 {(00:00)} Nc4 {(00:00)} 41. Kg1 {
(02:14)} Ne5 {(07:11)} 42. Qd4 {(02:02)} Qe7 {(03:
51)} 43. Ba2 {(02:32)} Nc4 {(03:00)} 44. Kf2 {(00:33)} Rd6
{(02:55)} 45. Bb3 {(02:10)} Rcd8 {(00:19)} 46. a4 {
(02:27)} bxa4 {(04:50)} 47. Bxa4 {(00:41)} Qb7 {(
04:01)} 48. h4 {(03:05)} h5 {(01:07)} 49. b3 {(03:09)} Ne5
{(01:52)} 50. Rc2 {(00:35)} Rc8 {(00:44)} 51. Rc5 {
(01:27)} Rxc5 {(00:56)} 52. Qxc5 {(00:06)} Rd8 {(
00:12)} 53. Rd2 {(01:03)} Kh6 {(05:08)} 54. b4 {(02:07)}
Rc8 {(00:56)} 55. Qxd5 {(05:49)} Qxb4 {(00:11)} 56. Rd4 {
(02:44)} Qb2+ {(00:22)} 57. Rd2 {(02:35)} Qb4 {(00:
30)} 58. Rd4 {(00:15)} Qb2+ {(00:44)} 59. Rd2 {(00:24)}
1/2-1/2